 Dungeon Crawl Stone Soup version 0.25-a0-503-ge281fa673e (webtiles) character file.

Game seed: 599242433835690082, levelgen mode: classic

245659 EnegeticOcto the Champion of Chaos (level 18, 0/178 HPs)
             Began as a Deep Dwarf Fighter on Feb 13, 2020.
             Was the Champion of Makhleb.
             Slain by an ettin
             ... wielding a +0 dire flail
              (10 damage)
             ... on level 4 of the Vaults.
             The game lasted 00:22:57 (20589 turns).

EnegeticOcto the Champion of Chaos (DDFi)          Turns: 20589, Time: 00:22:58

Health: 0/178      AC: 29    Str: 30    XL:     18   Next: 77%
Magic:  25/25 (16) EV: 16    Int: 16    God:    Makhleb [******]
Gold:   73         SH: 22    Dex: 25    Spells: 17/17 levels left

rFire    + + .     SeeInvis +   B - +7 broad axe of Checks and Balances {vorpal, +Blink rF+ MP+9 Dex+4}
rCold    + . .     Gourm    .   S - +0 tower shield
rNeg     + + .     Faith    .   g - -1 gold dragon scales
rPois    +         Spirit   .   N - +2 hat {SInv}
rElec    +         Reflect  .   D - +1 cloak
rCorr    .         Harm     +   F - +2 pair of gloves
MR       ++...                  E - +1 pair of boots
Stlth    ..........             y - amulet of harm
HPRegen  0.00/turn              J - ring of fire
MPRegen  0.19/turn              r - ring "Jafom" {Ice rElec rN+ Int+4 Dex+4}

@: mighty, agile, lethally poisoned (0 -> 0), marked, non-regenerating, slowed,
lightly drained, very slow
A: damage resistance, heal wounds, negative energy resistance 1, sense
surroundings 3, no regeneration
}: 2/15 runes: serpentine, barnacled
a: Heal Wounds, Minor Destruction, Lesser Servant of Makhleb, Major Destruction,
Greater Servant of Makhleb, Renounce Religion, Evoke Blink


You were on level 4 of the Vaults.
You worshipped Makhleb.
Makhleb was exalted by your worship.
You were not hungry.

You visited 7 branches of the dungeon, and saw 36 of its levels.
You also visited: Ossuary and Ice Cave.

You collected 2143 gold pieces.
You spent 2070 gold pieces at shops.

Inventory:

Hand Weapons
 a - a +4 broad axe of freezing
 B - the +7 broad axe of Checks and Balances (weapon) {vorpal, +Blink rF+ MP+9 Dex+4}
   (You bought it in a shop on level 1 of the Snake Pit)

   It inflicts extra damage upon your enemies.
   It affects your dexterity (+4).
   It protects you from fire.
   It affects your magic capacity (+9).
   It lets you blink.
 M - a +2 dagger of distortion
Missiles
 k - 11 throwing nets (quivered)
Armour
 g - -1 gold dragon scales (worn)
 D - a +1 cloak (worn)
 E - a +1 pair of boots (worn)
 F - a +2 pair of gloves (worn)
 N - a +2 hat of see invisible (worn)
 S - a +0 tower shield (worn)
Jewellery
 r - the ring "Jafom" (right hand) {Ice rElec rN+ Int+4 Dex+4}
   (You acquired it on level 8 of the Dungeon)

   [ring of ice]

   It enhances your ice magic.
   It affects your intelligence (+4).
   It affects your dexterity (+4).
   It makes you vulnerable to fire.
   It protects you from cold.
   It insulates you from electricity.
   It protects you from negative energy.
 y - an amulet of harm (around neck)
 J - a ring of fire (left hand)
Wands
 o - a wand of digging (15) {@q2}
 q - a wand of enslavement (9)
 A - a wand of flame (10)
 H - a wand of iceblast (21)
 K - a wand of paralysis (7)
 L - a wand of polymorph (16)
 O - a wand of disintegration (23)
 P - a wand of scattershot (4)
 R - a wand of acid (6) {@q1}
Scrolls
 b - 2 scrolls of blinking {@r3}
 c - a scroll of summoning
 f - 8 scrolls of remove curse {@r6}
 l - 5 scrolls of fear
 v - 7 scrolls of magic mapping {@r5}
 w - 8 scrolls of teleportation {@r2}
 x - 3 scrolls of identify {@r1}
 I - a scroll of fog
Potions
 d - 2 potions of might {@q3}
 h - 4 potions of invisibility
 i - 4 potions of lignification {@q7}
 j - a potion of resistance {@q6}
 m - 6 potions of agility {@q5}
 n - 9 potions of curing {@q1}
 p - 5 potions of berserk rage
 s - 6 potions of heal wounds {@q2}
 t - a potion of brilliance
 u - 3 potions of flight
 z - 3 potions of cancellation
 C - 3 potions of magic
 G - 2 potions of ambrosia
 Q - 2 potions of haste {@q4}
 T - a potion of mutation
 U - 2 potions of degeneration
Comestibles
 e - 33 rations
 V - 16 chunks of flesh


   Skills:
 * Level 15.5(15.4) Fighting
 * Level 17.9(17.8) Axes
 + Level 13.4(13.3) Armour
 - Level 9.7(9.6) Dodging
 + Level 13.3(13.2) Shields
 * Level 20.1(20.0) Invocations


You had 17 spell levels left.
You didn't know any spells.
Your spell library was empty.

Dungeon Overview and Level Annotations

Branches:
Dungeon (15/15)            Temple (1/1) D:4            Lair (6/6) D:8
 Shoals (4/4) Lair:4        Snake (4/4) Lair:4        Slime (0/5) Lair:5
    Orc (1/2) D:12         Vaults (5/5) D:13         Depths (0/5) D:15
Ossuary (visited)           IceCv (visited)
  Crypt: Vaults:2-3

Altars:
Ashenzari
Cheibriados
Dithmenos
Elyvilon
Fedhas
Gozag
Hepliaklqana
Kikubaaqudgha
Makhleb
Nemelex Xobeh
Okawaru
Ru
Sif Muna
Trog
Uskayaw
Vehumet
Wu Jian
Xom
Yredelemnul
The Shining One
Jiyva

Shops:
D:7 *   Snake:1 *}((

Annotations:
Lair:3 exclusion: oklob plant
Lair:5 1 runed translucent door
Shoals:1 3 transporters


Innate Abilities, Weirdness & Mutations

You are resistant to damage.
You can heal yourself by infusing magical energy.
You resist negative energy. (rN+)
You passively map a large area around you.
You do not regenerate.


Message History

The ettin misses you. You block the vault guard's attack.
The vault guard hits you from afar with a +3 bardiche of venom.
You are more poisoned.
A cyan very ugly thing comes into view.
The yaktaur shoots a bolt.
The bolt hits you!
* * * LOW HITPOINT WARNING * * *
A +2 scimitar of holy wrath comes into view.
A purple very ugly thing comes into view.
The war gargoyle hits you with a +5 vorpal great mace.
* * * LOW HITPOINT WARNING * * *
You block the lich's attack.
The vault sentinel blows a loud note on a signal horn!
A hornet comes into view.
You block the ettin's attack. The ettin completely misses you.
The vault guard hits you but does no damage. x2
The vault guard closely misses you.
You hear a shout!
Your magical essence is drained by the effort!
You feel much better.
You feel very sick. You block the war gargoyle's attack.
The vault guard hits you from afar with a +3 bardiche of venom.
An ironheart preserver comes into view. It is wielding a +0 flail.
The lich casts a spell at you. You block the iron shot.
The yaktaur shoots a bolt.
The bolt hits you!
* * * LOW HITPOINT WARNING * * *
A vault warden comes into view. It is wielding a +0 great mace.
You block the ettin's attack. The ettin closely misses you.
The vault guard hits you from afar with a +0 halberd!
* * * LOW HITPOINT WARNING * * *
The vault guard completely misses you.
An ironheart preserver comes into view. It is wielding a +0 mace.
You block the vault guard's attack. You block the lich's attack.
You block the war gargoyle's attack.
You feel very sick.
The vault guard no longer looks unusually strong.
You block the vault guard's attack.
The golden dragon bites you but does no damage.
You block the golden dragon's attack. x2; The ettin barely misses you. x2
The war gargoyle closely misses you. The vault guard closely misses you.
The vault guard hits you but does no damage.
You block the lich's attack.
The yaktaur captain wields a +0 arbalest.
The yaktaur captain shoots a bolt.
The bolt hits you!
* * * LOW HITPOINT WARNING * * *
The vault sentinel blows a loud note on a signal horn!
The vault guard hits you from afar with a +0 glaive.
* * * LOW HITPOINT WARNING * * *
The golden dragon closely misses you. The golden dragon claws you.
The golden dragon barely misses you.
The yaktaur shoots a bolt.
The bolt completely misses you.
The deep elf high priest mumbles some strange prayers to its god.
The deep elf high priest begins emitting a brilliant aura!
The ironheart preserver is empowered by the deep elf high priest's aura!
The lich is empowered by the deep elf high priest's aura!
You climb upwards.
You hear coins being counted.
An interdimensional caravan has stopped on this level and set up a bazaar.
Hurry and find its entrance before they move on!
You hear the stately tolling of a very distant bell.
You feel very sick.
There is a stone staircase leading down here.
Your magical essence is drained by the effort!
You feel much better.
You feel sick. You block the war gargoyle's attack.
The ettin hits you with a +0 dire flail!
* * * LOW HITPOINT WARNING * * *
The ettin closely misses you.
The lich touches you but does no damage.
The golden dragon breathes cold at you.
The bolt of cold hits you but does no damage.
You block the war gargoyle's attack.
The ettin hits you with a +0 dire flail.
* * * LOW HITPOINT WARNING * * *
The ettin hits you but does no damage.
The lich gestures wildly while chanting.
The lich flickers and vanishes for a moment.
You feel much better.
The war gargoyle hits you with a +5 vorpal great mace!
* * * LOW HITPOINT WARNING * * *
The golden dragon bites you!
* * * LOW HITPOINT WARNING * * *
The golden dragon claws you but does no damage.
The golden dragon tramples you but does no damage.
You block the ettin's attack.
The ettin hits you with a +0 dire flail!
* * * LOW HITPOINT WARNING * * *
The lich touches you but does no damage.
You block the golden dragon's attack.
The golden dragon claws you but does no damage.
You block the golden dragon's attack.
You feel much better.
The war gargoyle hits you with a +5 vorpal great mace!
* * * LOW HITPOINT WARNING * * *
x2 The ettin closely misses you.
The ettin completely misses you. You block the lich's attack.
The golden dragon closely misses you. x2
You block the golden dragon's attack. You block the war gargoyle's attack.
The lich touches you!
* * * LOW HITPOINT WARNING * * *
You partially resist.
You feel drained. You block the ettin's attack.
The ettin hits you with a +0 dire flail!
You die...

#. * +...#......# #..
,,**#...#......# *,,
#..######)###......# ,,,
#......(.(.........# * ,
#......########....# **
##......#......#....####*
+*+
,,........#......#........
$.?.....#...DL.#........
,,
.......)#..9@C.#........ ,
,,
........#......#........
,,
........#......#........,
,
........#?.....#........,
, ,
........#......#........,
, ,
........#......#........
........#'######........,
, ..............?.........
,........................


You could see a golden dragon, a lich (invisible), an ettin and a war gargoyle.

Vanquished Creatures
  A tentacled monstrosity (Vaults:5)
  A titan (Vaults:5)
  Polyphemus (Shoals:3)
  Frances (D:14)
  A kraken (Shoals:2)
  Gastronok (Lair:3)
  A storm dragon (Vaults:5)
  Kirke (Lair:4)
  5 nagarajas (Snake:4)
  2 frost giants
  Louise (Snake:2)
  2 vault wardens
  2 ironheart preservers
  Snorg (Lair:6)
  An eidolon (Vaults:2)
  A merfolk javelineer (Shoals:4)
  2 ettins
  Josephine (D:10)
  10 merfolk impalers
  A great orb of eyes (Vaults:3)
  18 vault guards
  4 yaktaur captains
  13 naga warriors
  3 hydras
  2 catoblepae
  Harold (D:7)
  Erolcha (D:13)
  An ice dragon (Vaults:2)
  4 anacondas
  3 centaur warriors
  2 ogre magi
  4 merfolk avatars
  4 satyrs
  A two-headed ogre (shapeshifter) (D:13)
  10 two-headed ogres
  4 merfolk aquamancers (Shoals:4)
  Urug (Lair:6)
  10 naga sharpshooters
  A vampire mage (D:15)
  5 death yaks
  A shock serpent (shapeshifter) (Vaults:4)
  A deep elf knight (Vaults:5)
  3 shock serpents
  3 skeletal warriors
  A salamander mystic (Snake:4)
  4 unseen horrors
  13 sea snakes
  A wizard (Vaults:1)
  2 deep elf archers
  9 naga ritualists
  A kraken simulacrum (Shoals:4)
  2 orc knights
  2 ironbrand convokers
  A phantasmal warrior (Vaults:4)
  7 mana vipers
  4 deep elf magi
  9 harpies
  A necromancer (D:15)
  An orc sorcerer (Orc:1)
  9 salamanders
  5 cyclopes
  13 ugly things
  2 wolf spiders
  9 manticores
  Maurice (D:8)
  8 fauns
  2 frost giant skeletons (D:15)
  25 black mambas
  21 naga magi
  An ice statue (IceCv)
  6 merfolk sirens
  5 guardian serpents
  Psyche (D:12)
  3 water nymphs
  3 gargoyles
  A centaur zombie (D:15)
  3 vault sentinels
  10 spiny frogs
  A torpor snail (Lair:4)
  A freezing wraith (Vaults:1)
  An efreet (D:12)
  2 kobold demonologists
  5 yaktaurs
  3 rime drakes
  13 komodo dragons
  24 merfolk
  6 trolls
  26 polar bears
  A harpy skeleton (D:15)
  5 wind drakes
  2 hornets
  8 blink frogs
  3 harpy zombies (Shoals:4)
  2 raiju (Lair:6)
  5 snapping turtles
  A dream sheep (shapeshifter) (Vaults:5)
  6 dream sheep (Shoals:2)
  6 slime creatures
  12 hippogriffs
  A centaur simulacrum (D:14)
  55 yaks
  5 wyverns
  A yak (shapeshifter) (D:15)
  Sigmund (D:4)
  2 vampires
  9 wraiths
  A shadow (D:14)
  A hog (Lair:4)
  A wyvern (shapeshifter) (D:14)
  7 water elementals
  A basilisk (Lair:1)
  A steam dragon (Lair:3)
  4 vampire mosquitoes (D:13)
  4 hungry ghosts
  34 nagas
  10 wargs
  Menkaure (D:4)
  13 hell hounds (Lair:6)
  20 water moccasins
  18 orc warriors
  9 porcupines
  A meliai simulacrum (D:15)
  12 black bears
  A swamp drake (Lair:1)
  3 necrophages
  3 ice beasts
  2 sky beasts
  An eye of draining (D:15)
  17 ogres
  2 phantoms
  46 wolves
  14 centaurs
  A crocodile (shapeshifter) (Vaults:4)
  11 crocodiles
  8 big kobolds
  37 bullfrogs
  A hippogriff zombie (Shoals:4)
  A yaktaur skeleton (D:15)
  2 water moccasin zombies
  2 wyvern skeletons
  8 scorpions
  14 wights
  7 killer bees
  8 electric eels
  2 bullfrog zombies
  2 howler monkeys
  5 lava snakes (Snake:1)
  9 jellies
  7 hounds
  16 orc priests
  10 crimson imps
  3 bullfrog skeletons
  19 orc wizards
  An iguana (D:8)
  7 worker ants
  4 hell rats (Lair:4)
  2 killer bee zombies
  5 big kobold zombies (Ossuary)
  2 hound skeletons
  A hound zombie (D:7)
  2 mummies (Ossuary)
  A howler monkey zombie (D:9)
  A worker ant zombie (D:9)
  9 gnolls
  15 adders
  2 river rats (Lair:1)
  5 shadow imps
  12 white imps (Lair:2)
  2 oozes
  10 adder zombies
  3 dart slugs
  5 leopard geckos
  57 orcs
  6 ball pythons
  4 bats (D:1)
  2 giant cockroaches
  3 goblins
  2 hobgoblins
  11 jackals
  7 quokkas
  6 hobgoblin zombies (Ossuary)
  31 kobolds
  3 kobold zombies (Ossuary)
  5 orc zombies (Ossuary)
  2 rats
  7 fungi
  11 plants
1176 creatures vanquished.

Vanquished Creatures (collateral kills)
  2 merfolk javelineers
  A merfolk impaler (Shoals:4)
  2 naga warriors (Snake:4)
  2 vault guards (Vaults:5)
  A hydra (D:13)
  2 anacondas (Snake:4)
  An alligator snapping turtle (Shoals:2)
  A merfolk aquamancer (Shoals:4)
  2 cyclopes (Shoals:2)
  A faun (Shoals:2)
  2 black mambas (Snake:4)
  2 water nymphs
  4 naga magi (Snake:4)
  9 merfolk
  A deep troll zombie (D:15)
  A snapping turtle (Shoals:2)
  5 dream sheep (Shoals:2)
  2 nagas (Snake:4)
  2 plants (Shoals:4)
43 creatures vanquished.

Vanquished Creatures (others)
  A vault guard (Vaults:5)
  2 humans (Lair:4)
  2 bullfrogs (D:15)
  A hell rat (Lair:4)
  An adder zombie (D:8)
  6 fungi
  17 plants
  8 tentacles
  A withered plant (D:15)
39 creatures vanquished.

Grand Total: 1258 creatures vanquished

Notes
Turn   | Place    | Note
-------+----------+-------------------------------------------
     0 | D:1      | EnegeticOcto the Deep Dwarf Fighter began the quest for the
                  | Orb.
     0 | D:1      | Reached XP level 1. HP: 20/20 MP: 1/1
    23 | D:1      | Reached XP level 2. HP: 13/27 MP: 2/2
   261 | D:1      | Reached XP level 3. HP: 25/34 MP: 2/2
   367 | D:2      | Reached skill level 1 in Dodging
   379 | D:2      | Reached XP level 4. HP: 42/42 MP: 2/2
   472 | D:4      | Found a staircase to the Ecumenical Temple.
   473 | D:4      | Noticed Menkaure
   485 | D:4      | Killed Menkaure
   485 | D:4      | Reached XP level 5. HP: 28/50 MP: 2/2
   495 | Temple   | Entered the Ecumenical Temple
   634 | Temple   | Became a worshipper of Makhleb the Destroyer
   701 | D:4      | Reached XP level 6. HP: 50/57 MP: 2/2
   858 | D:4      | Reached skill level 1 in Invocations
   913 | D:4      | Found a bloodstained altar of Trog.
   988 | D:4      | Noticed Sigmund
   996 | D:4      | Killed Sigmund
   996 | D:4      | Reached skill level 2 in Invocations
  1030 | D:5      | Entered Level 5 of the Dungeon
  1030 | D:5      | Noticed a +0 dagger
  1030 | D:5      | Noticed a +0 dagger
  1033 | D:5      | Found a hide-covered altar of Uskayaw.
  1122 | D:5      | Reached XP level 7. HP: 60/66 MP: 3/3
  1152 | D:5      | Reached skill level 5 in Axes
  1152 | D:5      | Reached skill level 3 in Invocations
  1184 | D:5      | Reached * piety under Makhleb
  1184 | D:5      | Reached skill level 4 in Invocations
  1265 | D:5      | Reached XP level 8. HP: 37/73 MP: 6/6
  1274 | D:5      | Reached skill level 5 in Fighting
  1459 | D:6      | Reached skill level 5 in Armour
  1489 | D:6      | Reached skill level 5 in Shields
  1498 | D:6      | Reached skill level 5 in Invocations
  1962 | D:7      | Found a sand-covered staircase.
  1971 | Ossuary  | Entered an ossuary
  1988 | Ossuary  | Reached ** piety under Makhleb
  2129 | Ossuary  | Reached skill level 6 in Invocations
  2328 | D:7      | Gained mutation: You passively map the area around you.
                  | [Deep Dwarf growth]
  2328 | D:7      | Reached XP level 9. HP: 75/82 MP: 8/8
  2338 | D:7      | Found Yjoidd's Lightly-Used Armoury.
  2378 | D:7      | Reached *** piety under Makhleb
  2550 | D:7      | Found a sparkling altar of Nemelex Xobeh.
  2556 | D:7      | Noticed Harold
  2578 | D:7      | Killed Harold
  2578 | D:7      | Reached skill level 7 in Invocations
  2857 | D:7      | Found a blossoming altar of Fedhas.
  2965 | D:7      | Found a shimmering blue altar of Sif Muna.
  3048 | D:7      | Reached skill level 5 in Dodging
  3198 | D:7      | Reached skill level 8 in Invocations
  3198 | D:7      | Reached XP level 10. HP: 92/92 MP: 9/11
  3325 | D:7      | Found a hazy altar of Hepliaklqana.
  3515 | D:7      | Noticed a gargoyle
  3526 | D:7      | Killed a gargoyle
  3647 | D:8      | Noticed Maurice
  3721 | D:8      | Found an opulent altar of Gozag.
  3853 | D:8      | Identified a scroll of acquirement
  3853 | D:8      | Identified the ring "Jafom" {Ice rElec rN+ Int+4 Dex+4}
                  | (You acquired it on level 8 of the Dungeon)
  3862 | D:8      | Reached **** piety under Makhleb
  3869 | D:8      | Found a staircase to the Lair.
  3994 | D:8      | Killed Maurice
  4026 | D:8      | Found a shimmering altar of Xom.
  4028 | D:8      | Found an iron altar of Okawaru.
  4028 | D:8      | Found a radiant altar of Vehumet.
  4030 | D:8      | Found an ornate altar of the Wu Jian Council.
  4030 | D:8      | Found a radiant altar of Vehumet.
  4030 | D:8      | Found a shimmering altar of Xom.
  4035 | D:8      | Reached skill level 9 in Invocations
  4413 | D:9      | Found an ornate altar of the Wu Jian Council.
  4560 | D:9      | Reached XP level 11. HP: 95/103 MP: 12/12
  4677 | D:9      | Reached ***** piety under Makhleb
  4949 | D:10     | Entered Level 10 of the Dungeon
  5057 | D:10     | Reached skill level 10 in Invocations
  5168 | D:10     | Noticed Josephine
  5197 | D:10     | Killed Josephine
  5327 | D:10     | Reached skill level 10 in Axes
  5589 | D:11     | Noticed a two-headed ogre
  5599 | D:11     | Killed a two-headed ogre
  5739 | D:11     | Noticed a two-headed ogre
  5746 | D:11     | Killed a two-headed ogre
  5746 | D:11     | Reached skill level 11 in Invocations
  5773 | D:11     | Noticed a cyan ugly thing
  5792 | D:11     | Killed a cyan ugly thing
  5869 | D:11     | Noticed a two-headed ogre
  5877 | D:11     | Killed a two-headed ogre
  5931 | D:11     | Reached XP level 12. HP: 114/114 MP: 11/11
  6187 | D:11     | Reached ****** piety under Makhleb
  6589 | D:12     | Noticed Psyche
  6592 | D:12     | Killed Psyche
  7332 | D:12     | Found a staircase to the Orcish Mines.
  7403 | D:13     | Reached skill level 12 in Invocations
  7567 | D:13     | Noticed Erolcha
  7576 | D:13     | Killed Erolcha
  7710 | D:13     | Noticed a five-headed hydra
  7724 | D:13     | Killed a five-headed hydra
  7810 | D:13     | Noticed a centaur warrior
  7825 | D:13     | Killed a centaur warrior
  7825 | D:13     | Reached skill level 10 in Fighting
  7909 | D:13     | Noticed a two-headed ogre
  7917 | D:13     | Killed a two-headed ogre
  7926 | D:13     | Noticed a vault guard
  7966 | D:13     | Killed a vault guard
  7974 | D:13     | You fall into a shaft and drop 2 floors!
  7974 | D:15     | Entered Level 15 of the Dungeon
  8005 | D:15     | Reached XP level 13. HP: 109/123 MP: 11/11
  8121 | D:15     | Reached skill level 13 in Invocations
  8290 | D:14     | Noticed Frances
  8302 | D:14     | Killed Frances
  8310 | D:14     | Found a sacrificial altar of Ru.
  8942 | D:13     | Found a gate to the Vaults.
  9400 | D:15     | Reached skill level 14 in Invocations
  9543 | D:15     | Found a staircase to the Depths.
  9564 | D:15     | Gained mutation: You resist negative energy. (rN+) [Deep
                  | Dwarf growth]
  9564 | D:15     | Reached XP level 14. HP: 115/135 MP: 13/13
 10315 | Lair:1   | Entered Level 1 of the Lair of Beasts
 10825 | Lair:1   | Reached skill level 10 in Armour
 10931 | Lair:2   | Found a frozen archway.
 10960 | IceCv    | Entered an ice cave
 11016 | IceCv    | Reached skill level 10 in Shields
 11329 | IceCv    | Noticed a frost giant
 11346 | IceCv    | Killed a frost giant
 11355 | IceCv    | Reached skill level 15 in Invocations
 11706 | D:7      | Bought -2 gold dragon scales for 910 gold pieces
 12511 | Lair:3   | Found an ancient bone altar of Kikubaaqudgha.
 12665 | Lair:3   | Noticed Sonja
 12666 | Lair:3   | Noticed Sonja
 12666 | Lair:3   | Sonja changed into Sonja the hornet
 12674 | Lair:3   | Killed Sonja the hornet
 12769 | Lair:3   | Noticed Gastronok
 12784 | Lair:3   | Killed Gastronok
 13726 | Lair:4   | Found a staircase to the Snake Pit.
 13791 | Lair:4   | Reached XP level 15. HP: 144/144 MP: 15/15
 13988 | Lair:4   | Noticed Kirke
 13996 | Lair:4   | Killed Kirke
 14138 | Lair:4   | Found a staircase to the Shoals.
 14774 | Lair:5   | Found a runed translucent door.
 14774 | Lair:5   | Found a viscous altar of Jiyva.
 14774 | Lair:5   | Found a staircase to the Slime Pits.
 14774 | Lair:5   | Noticed an azure jelly
 15207 | Lair:6   | Entered Level 6 of the Lair of Beasts
 15218 | Lair:6   | Noticed Urug
 15229 | Lair:6   | Killed Urug
 15454 | Lair:6   | Reached skill level 16 in Invocations
 15594 | Lair:6   | Noticed Snorg
 15602 | Lair:6   | Killed Snorg
 16195 | Snake:1  | Entered Level 1 of the Snake Pit
 16371 | Snake:1  | Found Botweh's Weapon Boutique.
 16377 | Snake:1  | Found Gugedoo's Weapon Boutique.
 16377 | Snake:1  | Found Lysk's General Store.
 16382 | Snake:1  | Found Dufem's Gadget Shop.
 16512 | Snake:2  | Noticed Louise
 16530 | Snake:2  | Reached skill level 15 in Axes
 16538 | Snake:2  | Killed Louise
 16604 | Snake:3  | Reached XP level 16. HP: 156/156 MP: 17/17
 16658 | Snake:4  | Entered Level 4 of the Snake Pit
 16670 | Snake:4  | Reached skill level 17 in Invocations
 16923 | Snake:4  | Reached skill level 18 in Invocations
 17021 | Snake:4  | Got a serpentine rune of Zot
 17087 | Snake:4  | Reached XP level 17. HP: 121/166 MP: 18/18
 17392 | Shoals:1 | Entered Level 1 of the Shoals
 17473 | Shoals:1 | Found a transporter.
 17476 | Shoals:1 | Found a transporter.
 17542 | Shoals:1 | Found a transporter.
 17653 | Shoals:2 | Noticed a kraken
 17660 | Shoals:2 | Killed a kraken
 17801 | Shoals:3 | Noticed Polyphemus
 17843 | Shoals:3 | Killed Polyphemus
 18086 | Shoals:4 | Entered Level 4 of the Shoals
 18306 | Shoals:4 | Identified the +0 leather armour of the Past {Slay+3
                  | Stlth+}
 18326 | Shoals:4 | Reached skill level 19 in Invocations
 18424 | Shoals:4 | Identified a +0 pair of boots of running (You found it on
                  | level 4 of the Shoals)
 18508 | Shoals:4 | Identified the +6 chain mail of Lethargy {rF+ rN+ Int+3
                  | Dex+4}
 18582 | Shoals:4 | Got a barnacled rune of Zot
 18953 | Orc:1    | Entered Level 1 of the Orcish Mines
 19608 | Snake:1  | Bought the +7 broad axe of Checks and Balances {vorpal,
                  | +Blink rF+ MP+9 Dex+4} for 1160 gold pieces
 19886 | Vaults:1 | Entered Level 1 of the Vaults
 19905 | Vaults:1 | Gained mutation: You passively map a large area around you.
                  | [Deep Dwarf growth]
 19905 | Vaults:1 | Reached XP level 18. HP: 177/177 MP: 18/18
 20162 | Vaults:1 | Reached skill level 15 in Fighting
 20541 | Vaults:5 | Entered Level 5 of the Vaults
 20548 | Vaults:5 | Noticed a tentacled monstrosity
 20564 | Vaults:5 | Reached skill level 20 in Invocations
 20568 | Vaults:5 | Killed a tentacled monstrosity
 20575 | Vaults:5 | Noticed a lich
 20579 | Vaults:5 | Noticed a golden dragon
 20588 | Vaults:4 | HP: 1/178 [ettin/+0 dire flail (12)]
 20589 | Vaults:4 | Slain by an ettin

Levels and vault maps discovered:
D:1:      giann_bridges, layout_loops_ring, serial_park_tiny_pond
D:2:      layout_loops_ring
D:3:      layout_basic, kiku_gazebo_garden_becter, kennysheep_generic_room_5
D:4:      layout_gridville, minmay_temple_entry_glass, trog_book, uniq_sigmund,
          uniq_menkaure
D:5:      layout_basic, dancing_weapons_uskayaw, first_ration
D:6:      layout_basic
D:7:      minmay_razor_zed, layout_layer_cave, nicolae_overflow_hidden_temple,
          nemelex_xobeh_ov_fountains_minmay, lemuel_coloured_pillars_altar,
          lemuel_blue_sif_altar, nicolae_ossuary_entry_monument,
          minmay_shop_damaged, uniq_harold
D:8:      layout_rooms, doesnt_xom_only_xom, nicolae_overflow_crystal_walls,
          grunt_lair_entry_orc_guard_hut, kennysheep_generic_room_4,
          uniq_maurice
D:9:      layout_basic, kennysheep_little_box, hangedman_abyss_or_decor_stagger,
          minmay_fractal_squares_gapless_5
D:10:     layout_roguey, uniq_josephine
D:11:     layout_loops_corners, grunt_ogre_cave
D:12:     layout_irregular_city, david_orc_4, lemuel_flamethrower_3, uniq_psyche
D:13:     layout_grid_maze, david_vaults_5, serial_bayou, serial_bayou_lagoon_a,
          serial_bayou_lake_a, serial_bayou_crossing, serial_bayou_ford_a,
          serial_bayou_pond_e, uniq_erolcha
D:14:     layout_small_grid, nicolae_ru_awakened_eye, uniq_frances
D:15:     gammafunk_depths_entry_grave, layout_small_grid, grunt_decor_fettered,
          grunt_decor_resistance, lemuel_flame_loot_1
Temple:   nicolae_temple_figure_eight
Lair:1:   layout_layer_cave, pond, grunt_megastairs_1, uniq_maggie
Lair:2:   layout_cave_pods, portal_ice_cave_entry_imps
Lair:3:   layout_layer_cave, basic_altar, chequers_serial_rivers_micro_d,
          beast_lair_carwin_7, uniq_sonja, uniq_gastronok
Lair:4:   layout_cave_pods, minmay_shoals_entry_beasts,
          minmay_snake_entry_six_corridors, minmay_shattered_shrine, uniq_kirke
Lair:5:   layout_roguey, slime_altar_2
Lair:6:   hangedman_lair_caniforms_friends, layout_hall_layers,
          serial_bayou_pond_b, wad_woods_road_02, uniq_snorg, uniq_urug
Shoals:1: gammafunk_the_bubble [the_bubble_gammafunk_roulette], layout_shoals,
          uniq_roxanne
Shoals:2: layout_shoals, gammafunk_ghost_split, serial_shops, shop,
          nicolae_shoals_kraken_intersection
Shoals:3: layout_shoals, uniq_ilsuiw, uniq_polyphemus, uniq_bai_suzhen
Shoals:4: shoals_end_grunt_ice, layout_shoals, nicolae_shoals_undead_eyrie
Snake:1:  layout_rooms, basic_altar, nicolae_snake_biting_tails, st_stairs_6,
          nicolae_snake_lava_pool, grunt_megastairs_3, lemuel_fruit_tree,
          minmay_shoptagon
Snake:2:  nicolae_cobra_stairs, layout_basic, uniq_louise, uniq_aizul
Snake:3:  layout_chambers, basic_altar
Snake:4:  snake_pit, layout_basic, grunt_ministairs_7, nicolae_snake_shapes,
          serial_bayou_shore_a
Orc:1:    layout_caves
Vaults:1: v_pattern_3, vaults_room_hallway, nicolae_vaults_angled_halls,
          hangedman_vaults_cutoff, hangedman_vaults_stretched_pinwheel,
          vaults_room_pools, vaults_room_guarded_vault, layout_vaults_quadrants
Vaults:2: vaults_dpeg_spiral, vaults_room_octagon, vaults_dpeg_doors,
          nicolae_vaults_windows_and_doors_thing, ontoclasm_vaults_eye,
          grunt_vaults_hallway_short, special_room_vaults [special_room_orc],
          v_misc_27, minmay_crypt_entry_simple_statues, vaults_room_door_ring,
          v_misc_16, layout_vaults_omnibox, serial_shops, shop
Vaults:3: hangedman_vaults_restitches, nicolae_vaults_puzzle_piece,
          nicolae_vaults_puzzle_piece, nicolae_vaults_network_s,
          vaults_mumra_chevron_long, nicolae_vaults_gold_heap,
          dpeg_vaults_monster_box, v_misc_9, layout_vaults_chaotic_city,
          uniq_frederick, uniq_asterion, uniq_mara
Vaults:4: hangedman_vaults_variations, v_misc_33, v_misc_4,
          vaults_mumra_hexcomb, v_misc_2, nicolae_vaults_big_ls,
          grunt_vaults_diagonal, nicolae_vaults_shelves_hall,
          nicolae_vaults_little_squares_6, ontoclasm_vaults_loading_screen,
          layout_vaults_omnicross, serial_shops, bzr_entry_safe
Vaults:5

Skill      XL: |  1  2  3  4  5  6  7  8  9 10 11 12 13 14 15 16 17 18 |
---------------+-------------------------------------------------------+-----
Fighting       | 3 4 5 6 8 9 10 11 12 13 14 15 | 15.5
Axes           | 3 4 5 6 8 9 10 11 12 13 15 16 17 | 17.9
Dodging        | 1 2 3 4 5 6 7 8 9 |  9.7
Armour         | 4 5 6 7 8 9 10 11 12 13 | 13.4
Shields        | 4 5 6 7 8 9 10 11 12 13 | 13.3
Invocations    | 2 4 6 8 9 11 12 14 15 16 18 19 20 | 20.1

Action                   |  1- 3 |  4- 6 |  7- 9 | 10-12 | 13-15 | 16-18 || total
-------------------------+-------+-------+-------+-------+-------+-------++-------
Melee: War axe           |    91 |    90 |    34 |       |       |       ||   215
       Broad axe         |       |       |   344 |   925 |  1323 |   911 ||  3503
Invok: Lesser Servant of |       |       |       |     3 |     2 |     2 ||     7
       Greater Servant o |       |       |       |       |       |    13 ||    13
 Abil: Heal Wounds       |     2 |     4 |    11 |    34 |    10 |    21 ||    82
Evoke: Wand              |       |       |       |       |     1 |       ||     1
  Use: Scroll            |       |       |    19 |    10 |    10 |     7 ||    46
       Potion            |       |       |       |     2 |       |     4 ||     6
 Stab: Distracted        |       |       |       |       |     3 |     6 ||     9
  Eat: Chunk             |       |     1 |     5 |    21 |    21 |     5 ||    53
       Ration            |       |       |     1 |       |     3 |     3 ||     7
Armor: Scale mail        |    40 |    55 |   180 |    33 |       |       ||   308
       Chain mail        |       |       |       |   387 |   297 |       ||   684
       Skin              |       |       |       |    17 |       |       ||    17
       Gold dragon scale |       |       |       |       |   396 |   622 ||  1018
Dodge: Dodged            |    33 |    45 |   182 |   369 |   468 |   281 ||  1378
Block: Kite shield       |    55 |    68 |   266 |   581 |   805 |       ||  1775
       Tower shield      |       |       |       |       |    26 |  1109 ||  1135

Table legend:
 A = Non-vault XP
 B = Vault XP
 C = Vault XP percentage of total XP
 D = Non-vault monster count
 E = Vault monster count
 F = Vault count percentage of total count
                 A         B        C        D         E       F
            +---------+---------+-------+---------+---------+-------
      Total |  189131 |  167517 |  47.0 |     762 |     438 |  36.5
            +---------+---------+-------+---------+---------+-------
        D:1 |      49 |       0 |   0.0 |      19 |       0 |   0.0
        D:2 |      49 |       0 |   0.0 |       9 |       0 |   0.0
        D:3 |      16 |       0 |   0.0 |       9 |       0 |   0.0
        D:4 |     180 |     369 |  67.2 |      15 |       2 |  11.8
        D:5 |     795 |       0 |   0.0 |      24 |       0 |   0.0
        D:6 |     885 |       0 |   0.0 |      20 |       0 |   0.0
        D:7 |    1726 |    1723 |  50.0 |      31 |      11 |  26.2
        D:8 |    1410 |     977 |  40.9 |      24 |       6 |  20.0
        D:9 |    3103 |     292 |   8.6 |      38 |       6 |  13.6
       D:10 |    2206 |    2090 |  48.6 |      22 |       6 |  21.4
       D:11 |    7933 |     118 |   1.5 |      56 |       1 |   1.8
       D:12 |    2376 |    1269 |  34.8 |      20 |      20 |  50.0
       D:13 |    7562 |    6163 |  44.9 |      33 |      12 |  26.7
       D:14 |   11185 |    3034 |  21.3 |      42 |       2 |   4.5
       D:15 |    9594 |    3171 |  24.8 |      31 |       7 |  18.4
     Lair:1 |    4084 |     879 |  17.7 |      19 |       7 |  26.9
     Lair:2 |    3814 |     124 |   3.1 |      18 |      12 |  40.0
     Lair:3 |    4566 |    3736 |  45.0 |      27 |      14 |  34.1
     Lair:4 |    3021 |    7415 |  71.1 |      13 |      25 |  65.8
     Lair:5 |    2477 |       0 |   0.0 |       9 |       0 |   0.0
     Lair:6 |    6471 |   13912 |  68.3 |      23 |      63 |  73.3
   Shoals:1 |    8283 |       0 |   0.0 |      18 |       0 |   0.0
   Shoals:2 |    6546 |    1935 |  22.8 |      24 |       1 |   4.0
   Shoals:3 |   14378 |    5760 |  28.6 |      29 |       5 |  14.7
   Shoals:4 |    9859 |   20551 |  67.6 |      27 |      34 |  55.7
    Snake:1 |    6354 |    3943 |  38.3 |      14 |      18 |  56.2
    Snake:2 |    7320 |    1696 |  18.8 |      14 |       1 |   6.7
    Snake:3 |    6168 |       0 |   0.0 |      11 |       0 |   0.0
    Snake:4 |   28001 |   32401 |  53.6 |      52 |      56 |  51.9
      Orc:1 |    2371 |       0 |   0.0 |      23 |       0 |   0.0
   Vaults:1 |    9051 |    3430 |  27.5 |      20 |       7 |  25.9
   Vaults:2 |    4108 |    2343 |  36.3 |       6 |       4 |  40.0
   Vaults:3 |       0 |    1038 | 100.0 |       0 |       1 | 100.0
   Vaults:4 |    9828 |    5425 |  35.6 |      14 |       5 |  26.3
   Vaults:5 |    3362 |   29362 |  89.7 |       8 |      26 |  76.5
    Ossuary |       0 |     302 | 100.0 |       0 |      31 | 100.0
      IceCv |       0 |   14059 | 100.0 |       0 |      55 | 100.0
            +---------+---------+-------+---------+---------+-------
